 Dungeon Sprint DCSS version 0.21-a0-51-gea492e9 (webtiles) character file.

4108 pib the Convoker (level 10, -3/50 HPs)
             Began as a Deep Elf Wizard on June 11, 2017.
             Was a High Priest of Vehumet.
             Shot with an arrow by a deep elf archer (30 damage)
             ... in the Dungeon (Sprint V: "Ziggurat Sprint").
             The game lasted 00:13:53 (790 turns).

pib the Convoker (Deep Elf Wizard)                   Turns: 790, Time: 00:13:55

Health: -3/50      AC:  2    Str: 16    XL:     10   Next: 6%
Magic:  7/28       EV: 12    Int: 27    God:    Vehumet [*****.]
Gold:   0          SH:  6    Dex: 13    Spells: 8/33 levels left

rFire    . . .     SeeInvis .   O - staff of summoning
rCold    . . .     Gourm    .   M - +3 buckler
rNeg     . . .     Faith    .   a - +0 robe
rPois    .         Spirit   .   b - +0 hat
rElec    .         Reflect  .   (no cloak)
rCorr    .         Harm     .   (no gloves)
MR       +....     NoTele   +   (no boots)
Stlth    ++........             (no amulet)
Regen    0.2/turn               D - +6 ring of strength
MPRegen  0.3/turn               E - +6 ring of strength

@: very slightly contaminated, slowed, studying Long Blades, very slow
A: no striking features
a: Renounce Religion


You were in the Dungeon.
You worshipped Vehumet.
Vehumet was extremely pleased with you.
You were not hungry.

You visited 1 branch

Inventory:

Hand Weapons
 J - the +6 Majin-Bo {vamp, Archmagi MP+6 Int+6}
   (You found it in the Dungeon)

   It inflicts no extra harm, but heals its wielder when it wounds a living foe.
   It affects your intelligence (+6).
   It affects your magic capacity (+6).
 K - the +7 Singing Sword
   (You found it in the Dungeon)
 N - a +5 quick blade
Armour
 a - a +0 robe (worn)
 b - a +0 hat (worn)
 L - +5 gold dragon scales
 M - a +3 buckler (worn)
Magical Staves
 O - an uncursed staff of summoning (weapon)
 P - an uncursed staff of energy
 V - an uncursed staff of earth
Jewellery
 y - a +6 ring of dexterity
 A - a +6 ring of dexterity
 B - a +6 ring of intelligence
 C - a +6 ring of intelligence
 D - a +6 ring of strength (left hand)
 E - a +6 ring of strength (right hand)
 S - an uncursed amulet of the gourmand
 W - the ring of the Shining Light {Str+3 Dex+2}
   (You found it in the Dungeon)

   [ring of strength]

   It affects your strength (+3).
   It affects your dexterity (+2).
Wands
 F - a wand of disintegration (9/24)
 G - a wand of iceblast (6/15)
 H - a wand of lightning (3/15)
 I - a wand of acid (4/15)
Scrolls
 j - 4 scrolls of blinking
 q - 4 scrolls of amnesia
 r - a scroll of recharging
 s - 7 scrolls of fog
 t - a scroll of holy word
 u - 5 scrolls of identify
 v - 5 scrolls of remove curse
 w - 2 scrolls of fear
Potions
 e - 10 potions of curing
 f - 7 potions of heal wounds
 g - 6 potions of haste
 h - 6 potions of magic
 i - 3 potions of berserk rage
 k - 2 potions of brilliance
 l - 2 potions of invisibility
 m - 4 potions of resistance
 o - 5 potions of agility
 p - 5 potions of might
Books
 c - a book of Minor Magic

   Spells                             Type                      Level
   a - Magic Dart                     Conjuration                  1
   b - Blink                          Translocation                2
   c - Call Imp                       Summoning                    2
   d - Slow                           Hexes                        2
   e - Conjure Flame                  Conjuration/Fire             3
   f - Mephitic Cloud                 Conjuration/Poison/Air       3
 n - a book of the Earth

   Spells                             Type                      Level
   a - Leda's Liquefaction            Hexes/Earth                  4
   b - Bolt of Magma                  Conjuration/Fire/Earth       5
   c - Statue Form                    Transmutation/Earth          6
   d - Iron Shot                      Conjuration/Earth            6
   e - Shatter                        Earth                        9
 U - a manual of Long Blades
 X - a book of Spatial Translocations

   Spells                             Type                      Level
   a - Blink                          Translocation                2
   b - Shroud of Golubria             Charms/Translocation         2
   c - Lesser Beckoning               Translocation                3
   d - Gell's Gravitas                Translocation                3
   e - Teleport Other                 Translocation                3
   f - Passage of Golubria            Translocation                4
 Y - the Almanac of Slavery and the Blaze
   (You found it in the Dungeon)

   Spells                             Type                      Level
   a - Inner Flame                    Hexes/Fire                   3
   b - Recall                         Summoning/Translocation      3
   c - Summon Forest                  Summoning/Translocation      5
   d - Dragon's Call                  Summoning                    9
 Z - a book of the Warp

   Spells                             Type                      Level
   a - Gell's Gravitas                Translocation                3
   b - Portal Projectile              Hexes/Translocation          3
   c - Force Lance                    Conjuration/Translocation    4
   d - Dispersal                      Translocation                6
   e - Controlled Blink               Translocation                8
   f - Disjunction                    Translocation                8
Miscellaneous
 Q - a crystal ball of energy
 T - a lamp of fire
Comestibles
 d - 5 bread rations
 x - 42 fruits
 z - 4 meat rations
 R - 3 royal jellies


   Skills:
 - Level 2.4 Dodging
 - Level 2.4 Stealth
 - Level 12.2 Spellcasting
 - Level 15.0 Conjurations
 * Level 15.5 Summonings
 - Level 7.1 Translocations


You had 8 spell levels left.
You knew the following spells:

 Your Spells              Type           Power        Failure   Level  Hunger
a - Magic Dart            Conj           ####         0%          1    None
b - Blink                 Tloc           N/A          1%          2    None
c - Flame Tongue          Conj/Fire      #####        1%          1    None
d - Call Imp              Summ           ########     0%          2    None
e - Summon Forest         Summ/Tloc      #######...   1%          5    ###....
f - Bolt of Magma         Conj/Fire/Erth #####.....   5%          5    ###....
g - Dragon's Call         Summ           ########..   100%        9    #######


Dungeon Overview and Level Annotations

Branches:
Dungeon (1/1)

Altars:
Ashenzari
Cheibriados
Dithmenos
Elyvilon
Fedhas
Gozag
Hepliaklqana
Kikubaaqudgha
Makhleb
Nemelex Xobeh
Okawaru
Qazlal
Ru
Sif Muna
Trog
Uskayaw
Vehumet
Wu Jian
Xom
Yredelemnul
Zin
The Shining One
Beogh
Jiyva
Lugonu

Annotations:
D 1 transporter


Message History

The earth elemental is lightly damaged.
This wand has 6 charges left.
The deep elf archer shoots an arrow.
The arrow hits you!
The deep elf knight mumbles some strange words.
The deep elf knight flickers and vanishes!
Deactivating autopickup; reactivate with Ctrl-A.
The deep elf archer points at you and mumbles some strange words.
You feel as though you will be slow longer.
Casting: Blink
Confirm with . or Enter, or press ? or * to list all spells.
You blink.
The deep elf mage barely misses you.
The deep elf archer shoots an arrow.
The arrow hits you!
Casting: Blink
Confirm with . or Enter, or press ? or * to list all spells.
You blink.
The deep elf mage casts a spell.
The deep elf mage blinks!
The deep elf archer shoots an arrow.
The arrow hits you!!
Ouch! That really hurt!
You die...

▓.......▓
▓.......▓
▓.▓...▓.▓
▓.......▓
▓▓▓▓▓▓▓▓▓
▓..8©8..▓
▓..:"}..▓
▓e(|(:..▓
▓♣.E...@▓
▓.e§e...▓
▓§..♣...▓
▓....♣..▓
▓.▓...▓.▓
▓...(...▓
▓▓▓▓▓▓▓▓▓


You could see a deep elf archer, an earth elemental, 2 deep elf magi and a dire
flail of holy wrath.

Vanquished Creatures
  A reaper (D)
  An ancient zyme (D)
  A flying skull (D)
  A tarantella (D)
  A naga (D)
  A water moccasin (D)
  A wolf (D)
  2 scorpions (D)
  A crimson imp (D)
  2 quasits (D)
  An iguana (D)
  A river rat (D)
  2 adders (D)
  A shadow imp (D)
  A white imp (D)
  An ufetubus (D)
  2 starspawn tentacles (D)
21 creatures vanquished.

Vanquished Creatures (collateral kills)
  A tentacled starspawn (D)
  A jumping spider (D)
  A scorpion (D)
  A shadow imp (D)
  An ufetubus (D)
  A starspawn tentacle (D)
6 creatures vanquished.

Vanquished Creatures (others)
  A starspawn tentacle (D)
1 creature vanquished.

Grand Total: 28 creatures vanquished

Notes
Turn   | Place    | Note
-------+----------+-------------------------------------------
     0 | D        | pib the Deep Elf Wizard began the quest for the Orb.
     0 | D        | Reached XP level 1. HP: 10/10 MP: 7/7
     0 | D        | Found a deep blue altar of Sif Muna.
     0 | D        | Found a sacrificial altar of Ru.
     0 | D        | Found a bloodstained altar of Trog.
     0 | D        | Found a stormy altar of Qazlal.
     0 | D        | Found an iron altar of Okawaru.
     0 | D        | Found a sparkling altar of Nemelex Xobeh.
     0 | D        | Found a blossoming altar of Fedhas.
     2 | D        | Found a transporter.
     2 | D        | Found an ancient bone altar of Kikubaaqudgha.
     2 | D        | Found a viscous altar of Jiyva.
     2 | D        | Found a corrupted altar of Lugonu.
     2 | D        | Found a hazy altar of Hepliaklqana.
     2 | D        | Found a burning altar of Makhleb.
     2 | D        | Found an opulent altar of Gozag.
    77 | D        | Became a worshipper of Vehumet
    90 | D        | Entered arena 2.
    90 | D        | Found a transporter.
    91 | D        | Reached skill level 5 in Spellcasting
    91 | D        | Reached XP level 2. HP: 15/15 MP: 8/10
   108 | D        | Got the +4 arbalest "Vasifupt" {venom, MP+9 Str+4 Stlth+}
   112 | D        | Entered arena 3.
   112 | D        | Noticed a wolf
   112 | D        | Found a transporter.
   114 | D        | Reached * piety under Vehumet
   114 | D        | Offered knowledge of Flame Tongue by Vehumet.
   114 | D        | Reached skill level 5 in Conjurations
   114 | D        | Reached XP level 3. HP: 19/19 MP: 11/13
   119 | D        | Killed a wolf
   119 | D        | Reached XP level 4. HP: 18/24 MP: 13/16
   191 | D        | Learned a level 2 spell: Blink
   193 | D        | Learned a level 1 spell: Flame Tongue
   194 | D        | Entered arena 4.
   194 | D        | Noticed a flying skull
   194 | D        | Found a transporter.
   196 | D        | Offered knowledge of Freeze by Vehumet.
   196 | D        | Reached ** piety under Vehumet
   196 | D        | Reached XP level 5. HP: 28/28 MP: 16/18
   196 | D        | Reached skill level 10 in Conjurations
   197 | D        | Killed a flying skull
   197 | D        | Reached XP level 6. HP: 32/32 MP: 18/22
   198 | D        | Reached *** piety under Vehumet
   207 | D        | Got the ring of the Shining Light {Str+3 Dex+2}
   220 | D        | Entered arena 5.
   220 | D        | Noticed a water moccasin
   220 | D        | Noticed a naga
   220 | D        | Found a transporter.
   224 | D        | Killed a water moccasin
   224 | D        | Reached XP level 7. HP: 28/36 MP: 24/24
   228 | D        | Reached **** piety under Vehumet
   409 | D        | Identified the Almanac of Slavery and the Blaze (You found it in the Dungeon)
   409 | D        | Identified the Almanac of Slavery and the Blaze (You found it in the Dungeon)
   412 | D        | Learned a level 2 spell: Call Imp
   412 | D        | Identified the Almanac of Slavery and the Blaze (You found it in the Dungeon)
   412 | D        | Identified the Almanac of Slavery and the Blaze (You found it in the Dungeon)
   418 | D        | Learned a level 5 spell: Summon Forest
   418 | D        | Reached skill level 5 in Translocations
   418 | D        | Reached XP level 8. HP: 41/41 MP: 26/26
   433 | D        | Identified the Almanac of Slavery and the Blaze (You found it in the Dungeon)
   439 | D        | Entered arena 6.
   439 | D        | Noticed a jumping spider
   439 | D        | Found a transporter.
   440 | D        | Offered knowledge of Searing Ray by Vehumet.
   445 | D        | Killed a jumping spider
   445 | D        | Reached ***** piety under Vehumet
   445 | D        | Reached skill level 10 in Summonings
   631 | D        | Learned a level 5 spell: Bolt of Magma
   634 | D        | Entered arena 7.
   634 | D        | Noticed a reaper
   634 | D        | Noticed a tentacled starspawn
   634 | D        | Noticed an ancient zyme
   636 | D        | Offered knowledge of Fulminant Prism by Vehumet.
   638 | D        | Killed an ancient zyme
   639 | D        | Killed a tentacled starspawn
   639 | D        | Reached skill level 15 in Conjurations
   639 | D        | Reached XP level 9. HP: 45/45 MP: 11/27
   643 | D        | Found a transporter.
   650 | D        | Killed a reaper
   650 | D        | Reached skill level 15 in Summonings
   650 | D        | Reached XP level 10. HP: 40/50 MP: 18/28
   775 | D        | Learned a level 9 spell: Dragon's Call
   778 | D        | Entered arena 8.
   778 | D        | Noticed a deep elf mage
   778 | D        | Noticed a deep elf knight
   778 | D        | Noticed a deep elf mage
   778 | D        | Noticed a deep elf archer
   778 | D        | Noticed a dire flail of holy wrath
   785 | D        | Found a transporter.
   790 | D        | Shot with an arrow by a deep elf archer

Vault maps used:
D:        sprint_v

Skill      XL: |  1  2  3  4  5  6  7  8  9 |
---------------+----------------------------+-----
Spellcasting   | 5 6 8 9 11 12 | 12.2
Conjurations   | 3 5 8 9 12 13 15 | 15.0
Summonings     | 7 13 15 | 15.5
Translocations | 5 7 |  7.1
Dodging        | |  2.4
Stealth        | |  2.4

Action                   |  1- 3 |  4- 6 |  7- 9 | 10-12 || total
-------------------------+-------+-------+-------+-------++-------
Melee: Double sword      |     5 |     1 |     3 |       ||     9
 Cast: Bolt of Magma     |       |       |     5 |     2 ||     7
       Summon Forest     |       |       |     2 |     1 ||     3
       Blink             |       |       |     1 |     4 ||     5
Evoke: Wand              |     3 |     6 |    10 |     3 ||    22
       Box of beasts     |       |       |     1 |       ||     1
  Use: Scroll            |       |     1 |     1 |       ||     2
       Potion            |       |       |     3 |     2 ||     5
Armor: Gold dragon scale |     6 |     2 |     5 |       ||    13
Dodge: Dodged            |       |       |     1 |     1 ||     2
Block: Buckler           |     3 |       |     6 |     1 ||    10
